Cogmind - Beta 10.2 @@@ ROGUE MODE // 2020.11.05 @ 23:45:50 // Halloween2020/ForbiddenLore Player: Shodan Result: Destroyed self with EMP Blaster Performance ------------- Evolutions (0) 0 Regions Visited (4) 800 Robots Destroyed (29) 145 Value Destroyed (600) 600 Prototype IDs (24) 480 Alien Tech Used (0) 0 Bonus (360) 360 TOTAL SCORE: 2385 Bonus ------- Follower Combat Kills 60 Aligned with FarCom 300 Cogmind --------- Core Integrity 0/250 Matter 296/300 Energy 110/160 System Corruption 0% Temperature Cool (0) Movement Core (750) Ox14 Location -9/Mines Parts ------- > --- POWER (1) -------- Light Nuclear Core > --- PROPULSION (2) --- Aluminum Leg > --- UTILITY (2) ------ High-capacity Storage Unit Targeting Computer > --- WEAPON (2) ------- Particle Gun EMP Blaster > --- INVENTORY (12) --- Light Angular Momentum Engine High-capacity Matter Pod (200) Sensor Drone Bay (20/20) Light Assault Rifle Light Assault Rifle Light Assault Rifle EMP Blaster Deploy-a-Sentry Deploy-a-Sentry Deploy-a-Sentry Peak State ------------ > --- POWER ------------ Light Nuclear Core > --- PROPULSION ------- Aluminum Leg Wheel > --- UTILITY ---------- High-capacity Storage Unit Sensor Drone Bay > --- WEAPON ----------- Particle Gun EMP Blaster > --- INVENTORY -------- Light Angular Momentum Engine High-capacity Matter Pod Targeting Computer Light Assault Rifle Light Assault Rifle Light Assault Rifle EMP Blaster Deploy-a-Sentry Deploy-a-Sentry Deploy-a-Sentry [Rating: 21] Favorites ----------- Power Ion Engine Engine Ion Engine Power Core Light Nuclear Core Propulsion Compact Wheel Leg Aluminum Leg Wheel Compact Wheel Utility Small Storage Unit Device Sensor Drone Bay Storage Small Storage Unit Processor Targeting Computer Weapon Light Assault Rifle Energy Gun Particle Gun Ballistic Gun Light Assault Rifle Launcher EMP Blaster Build | -11 -10 -10 -10 -9 ------- Run | Scr Mat Min Exi Min Slots Evolved . | . . . . . Power . | . . . . . Propulsion . | . . . . . Utility . | . . . . . Weapon . | . . . . . Parts Attached 26 | 3 9 6 5 3 Power 5 | . 4 . . 1 Engine 3 | . 3 . . . Core 2 | . 1 . . 1 Reactor . | . . . . . Propulsion 7 | 2 3 1 . 1 Treads . | . . . . . Leg 1 | . . . . 1 Wheel 6 | 2 3 1 . . Hover . | . . . . . Flight . | . . . . . Utility 6 | 1 . . 4 1 Device 2 | . . . 2 . Storage 3 | 1 . . 2 . Processor 1 | . . . . 1 Hackware . | . . . . . Protection . | . . . . . Artifact . | . . . . . Weapon 8 | . 2 5 1 . Energy Gun 1 | . . . 1 . Energy Cannon . | . . . . . Ballistic Gun 5 | . 2 3 . . Ballistic Cannon . | . . . . . Launcher 2 | . . 2 . . Special Weapon . | . . . . . Impact Weapon . | . . . . . Slashing Weapon . | . . . . . Piercing Weapon . | . . . . . Special Melee Weapon . | . . . . . Unidentified Prototypes 1 | . . . 1 . Parts Lost 9 | . 6 2 . 1 Power 2 | . 2 . . . Propulsion 5 | . 2 2 . 1 Utility . | . . . . . Weapon 2 | . 2 . . . Highest Loss Streak 3 | . 3 1 . 1 Average Slot Usage (%) 92 | . 98 92 85 97 Engine 11 | . 9 14 14 2 Core 2 | . 3 . . 11 Wheel 21 | . 27 20 14 14 Device 2 | . . . 8 2 Storage 24 | . 28 28 19 14 Energy Gun 5 | . 2 . 13 14 Ballistic Gun 15 | . 24 20 . . Launcher 6 | . . 7 14 14 Naked Turns . | . . . . . Heaviest Build 58 | 14 16 18 58 58 Greatest Support 32 | 32 32 26 10 10 Greatest Overweight (x) 5 | . . 1 5 5 Average Overweight (x) 1 | . . . 3 4 Largest Inventory Capacity 14 | 8 8 8 14 12 Average Capacity 8 | 6 8 8 10 12 Most Carried 10 | 6 8 8 10 10 Average Carried 7 | 5 6 7 8 10 Final Capacity 12 | 8 8 8 12 12 Final Carried 10 | 5 8 8 10 10 Class Distribution -------------------- 89% | Mutant 10% | Scavenger-Mutant Dominant Class ---------------- Mutant | -10/Materials Mutant | -10/Mines Mutant | -10/Exiles Mutant | -9/Mines Resources | -11 -10 -10 -10 -9 ----------- Run | Scr Mat Min Exi Min Matter Collected 910 | 221 337 254 . 98 Remotely . | . . . . . Salvage Created 917 | 83 499 205 . 130 Parts 60 | 2 31 22 . 5 Haulers Intercepted 2 | . 2 . . . Recyclers Shooed . | . . . . . Parts Field Recycled . | . . . . . Retrieved Matter . | . . . . . Parts Self-Destructed . | . . . . . Prevented . | . . . . . Kills | -11 -10 -10 -10 -9 ------- Run | Scr Mat Min Exi Min Combat Hostiles Destroyed 25 | . 12 10 . 3 Guns 18 | . 12 5 . 1 AOE 7 | . . 5 . 2 Classes Destroyed 5 | 1 3 1 . . Tunneler 1 | . . 1 . . Hauler 2 | . 2 . . . Recycler 1 | 1 . . . . Swarmer 14 | . 6 8 . . Grunt 11 | . 6 2 . 3 Best Kill Streak 4 | 1 3 4 . 3 Combat Bots Only 4 | . 3 4 . 3 Max Kills in Single Turn 2 | 1 1 2 . 1 Gunslinging . | . . . . . Exploded 2 | . . 2 . 1 Melee . | . . . . . Uniques/NPCs Destroyed . | . . . . . Combat | -11 -10 -10 -10 -9 -------- Run | Scr Mat Min Exi Min Damage Taken 1051 | . 610 328 . 113 Core 255 | . 156 83 . 16 Absorbed by Shields . | . . . . . Core Remaining (%) 100 | 100 . . . . Volleys Fired 105 | 4 66 25 3 7 Largest 2 | 2 2 2 1 1 Hottest 65 | 60 60 53 65 65 Shots Fired 185 | 8 124 43 3 7 Gun 170 | 8 124 33 3 2 Cannon . | . . . . . Launcher 15 | . . 10 . 5 Special . | . . . . . Kinetic 143 | 4 104 33 2 . Thermal 3 | . . . 1 2 Explosive . | . . . . . Electromagnetic 39 | 4 20 10 . 5 Robot Hit Streak 13 | 2 13 5 . 4 Robot Miss Streak 5 | 4 5 3 . 1 Penetration Max . | . . . . . Secondary Targets 2 | . 2 . . . Max Gunslinging Chain 1 | . 1 . . . Shots Hit Robots 105 | 4 75 21 . 5 Core Hits 47 | 2 24 17 . 4 Critical Hits 1 | . . 1 . . Critical Kills 1 | . . 1 . . Critical Parts Destroyed . | . . . . . Melee Attacks . | . . . . . Impact . | . . . . . Slashing . | . . . . . Piercing . | . . . . . Sneak Attacks . | . . . . . Combat Hostiles . | . . . . . Follow-up Attacks . | . . . . . Damage Inflicted 1613 | 44 851 534 . 184 Guns 1007 | 44 777 151 . 35 Cannons . | . . . . . Explosions 606 | . 74 383 . 149 Melee . | . . . . . Ramming . | . . . . . Kinetic 764 | 16 597 151 . . Thermal 266 | . 74 157 . 35 Explosive . | . . . . . Electromagnetic 583 | 28 180 226 . 149 Impact . | . . . . . Slashing . | . . . . . Piercing . | . . . . . Highest Corruption . | . . . . . Average Corruption . | . . . . . Corruption Purged . | . . . . . Overload Shots . | . . . . . Overflow Damage 32 | . 4 28 . . Projectiles . | . . . . . Explosions 32 | . 4 28 . . Melee . | . . . . . Knockbacks . | . . . . . Impact . | . . . . . Kinetic . | . . . . . Secondary . | . . . . . Self-Inflicted Damage 66 | . . 42 . 24 Shots 7 | . . 3 . 4 Rammed 1 | . 1 . . . Targets Rammed 1 | . 1 . . . Kicked . | . . . . . Crushed . | . . . . . Highest Temperature 129 | 40 129 54 24 62 Average Temperature 43 | 22 55 19 13 23 Received Heat Transfer 243 | . 147 54 . 42 Siege Activations . | . . . . . Robots Corrupted . | . . . . . Combat Hostiles . | . . . . . Parts Fried . | . . . . . Impact Corruptions . | . . . . . Robots Melted . | . . . . . Combat Hostiles . | . . . . . Parts Melted . | . . . . . Heat Transferred 324 | . 100 150 . 74 Parts Sabotaged . | . . . . . Parts Stolen . | . . . . . Parts Stripped . | . . . . . Power Chain Reactions 2 | . 1 1 . . Missiles Intercepted . | . . . . . Alert | -11 -10 -10 -10 -9 ------- Run | Scr Mat Min Exi Min Peak Influence 344 | 5 221 344 . 70 Initial 33 | . 3 33 . . Average 133 | 3 88 222 . 66 Maximum Alert Level 1 | . 1 1 . . Low Security (%) 73 | 100 87 47 . 100 Level 1 26 | . 12 52 . . Level 2 . | . . . . . Level 3 . | . . . . . Level 4 . | . . . . . Level 5 . | . . . . . High Security . | . . . . . Max Security . | . . . . . Squads Dispatched 1 | . 1 . . . Investigation . | . . . . . Extermination . | . . . . . Reinforcement 1 | . 1 . . . Assault . | . . . . . Garrison . | . . . . . Intercept . | . . . . . Construction Impeded . | . . . . . Haulers Reinforced . | . . . . . Stealth | -11 -10 -10 -10 -9 --------- Run | Scr Mat Min Exi Min Distress Signals 2 | . 2 . . . Communications Jammed . | . . . . . Distress Signals . | . . . . . Times Spotted 47 | . 29 12 . 6 Peak Tracking Total 6 | . 6 3 . 4 Tactical Retreats 1 | . 1 . . . Traps | -11 -10 -10 -10 -9 ------- Run | Scr Mat Min Exi Min Traps Triggered 3 | . 3 . . . Indirectly . | . . . . . Trap Hack Attempts . | . . . . . Triggered . | . . . . . Disarmed . | . . . . . Reprogrammed . | . . . . . Reused . | . . . . . Traps Extracted . | . . . . . Installed . | . . . . . Triggered . | . . . . . Machines | -11 -10 -10 -10 -9 ---------- Run | Scr Mat Min Exi Min Machines Disabled 4 | . . 3 1 . Max in Single Turn 1 | . . 1 1 . Machines Sabotaged . | . . . . . Garrisons Compromised . | . . . . . Overloaded Fab Kills . | . . . . . Fab Network Shutdowns . | . . . . . Hacking | -11 -10 -10 -10 -9 --------- Run | Scr Mat Min Exi Min Machines Accessed 7 | . 5 . 2 . Terminals 4 | . 4 . . . Fabricators . | . . . . . Repair Stations . | . . . . . Recycling Units 1 | . 1 . . . Scanalyzers . | . . . . . Garrison Access . | . . . . . Total Hacks 19 | . 17 . 2 . Successful 12 | . 10 . 2 . Failed 7 | . 7 . . . Catastrophic . | . . . . . Database Lockouts . | . . . . . Manual 17 | . 16 . 1 . Terminals 16 | . 16 . . . Fabricators . | . . . . . Repair Stations . | . . . . . Recycling Units 1 | . 1 . . . Scanalyzers . | . . . . . Garrison Access . | . . . . . Terminal Hacks 8 | . 6 . 2 . Record 1 | . . . 1 . Robot Analysis 2 | . 2 . . . Alert Level 2 | . 2 . . . Unreport Threat 1 | . 1 . . . Recall Reinforcements 1 | . 1 . . . EX-Prototype ID Bank 1 | . . . 1 . Fabricator Hacks . | . . . . . Repair Station Hacks . | . . . . . Recycling Unit Hacks 1 | . 1 . . . Report Inventory 1 | . 1 . . . Scanalyzer . | . . . . . Garrison Access Hacks . | . . . . . Unauthorized Hacks 3 | . 3 . . . Terminals 3 | . 3 . . . Assimilate 2 | . 2 . . . Botnet 1 | . 1 . . . Fabricators . | . . . . . Repair Stations . | . . . . . Recycling Units . | . . . . . Scanalyzers . | . . . . . Garrison Access . | . . . . . Data Cores Recovered . | . . . . . Used . | . . . . . Hacking Detections 5 | . 5 . . . Full Trace Events . | . . . . . Feedback Events . | . . . . . Feedback Blocked . | . . . . . Robot Schematics Acquired . | . . . . . Robots Built . | . . . . . Matter . | . . . . . Time . | . . . . . Total Robot Build Rating . | . . . . . Part Schematics Acquired . | . . . . . Parts Built . | . . . . . Matter . | . . . . . Time . | . . . . . Total Part Build Rating . | . . . . . Parts Repaired . | . . . . . Time . | . . . . . Parts Recycled . | . . . . . Recycled Matter . | . . . . . Retrieved Matter . | . . . . . Retrieved Components . | . . . . . Parts Scanalyzed . | . . . . . Part Schematics Acquired . | . . . . . Parts Damaged . | . . . . . Bothacking | -11 -10 -10 -10 -9 ------------ Run | Scr Mat Min Exi Min Used RIF Installer . | . . . . . Robots Hacked . | . . . . . Non-combat . | . . . . . Combat . | . . . . . Robot Hacks Applied . | . . . . . Relay Couplers Released . | . . . . . Robots Rewired . | . . . . . Allies Hacked . | . . . . . Hacks Repelled . | . . . . . Allies | -11 -10 -10 -10 -9 -------- Run | Scr Mat Min Exi Min Total Allies 1 | . . 1 . . Largest Group 1 | . . 1 . . Highest-Rated Group 31 | . . 31 . . Highest-Rated Ally 31 | . . 31 . . Total Orders . | . . . . . Ally Attacks 15 | . . 15 . . Total Damage 165 | . . 165 . . Kills 2 | . . 2 . . Allies Corrupted . | . . . . . Allies Melted . | . . . . . Intel | -11 -10 -10 -10 -9 ------- Run | Scr Mat Min Exi Min Robot Analysis Total 2 | . 2 . . . Derelict Logs Recovered 2 | . . 2 . . Drone Launches . | . . . . . Drone Recoveries . | . . . . . Exploration | -11 -10 -10 -10 -9 ------------- Run | Scr Mat Min Exi Min Turns Passed 1562 | 48 583 445 386 100 Spaces Moved 1180 | 29 375 381 328 67 Core . | . . . . . Treads . | . . . . . Legs 16 | 15 . . . 1 Wheels 1164 | 14 375 381 328 66 Hover . | . . . . . Flight . | . . . . . Fastest Speed 90 | 100 90 90 90 120 Average Speed 101 | 110 97 90 112 123 Slowest Speed 270 | 120 100 100 130 270 Overloaded Moves . | . . . . . Propulsion Burnouts . | . . . . . Robots Hopped . | . . . . . Cave-ins Triggered . | . . . . . Exploration Rate (%) 43 | 3 59 66 70 19 Regions Visited 4 Branch Regions 3 Pre-discovered Areas 1 | . . . 1 . Known Exits Taken . | . . . . . Unknown Exits Taken 4 | 1 1 1 1 . Scrap Searched 1 | . . 1 . . Spaces Dug . | . . . . . Terrain Destroyed 18 | . 3 15 . . Melee . | . . . . . Projectile . | . . . . . AOE 18 | . 3 15 . . Terrain Rammed . | . . . . . Walls Destroyed . | . . . . . Machines Disabled . | . . . . . Actions | -11 -10 -10 -10 -9 --------- Run | Scr Mat Min Exi Min Total 1379 | 37 477 443 344 78 Wait 41 | . 15 26 . . Move 1176 | 28 374 380 327 67 Hop . | . . . . . Pick Up 17 | . 9 3 5 . Fast Attach 11 | 2 5 1 1 2 Attach 8 | 1 4 1 2 . Detach 1 | . . . 1 . Swap 7 | . . 4 2 1 Drop 12 | 2 3 3 3 1 Fire 105 | 4 66 25 3 7 Melee . | . . . . . Ram 1 | . 1 . . . Kick . | . . . . . Crush . | . . . . . Escape Stasis . | . . . . . Rewire . | . . . . . Trap . | . . . . . Miscellaneous . | . . . . . Route ------- -11/Scrapyard -10/Materials (discovered 3 exits: [*Mat x2] / [*Min]) -10/Mines (discovered 2 exits: [*Mat] / *Exi) -10/Exiles -9/Mines History --------- Turn | Location | Event 1 | -11/Scrapyard | Discovered new exit (range 3) 49 | -11/Scrapyard | Entered Materials 81 | -10/Materials | Discovered new exit (range 14) 282 | -10/Materials | Discovered new exit (range 6) 307 | -10/Materials | Build established: Mutant 313 | -10/Materials | Lost 3 parts (1p1n1w) 536 | -10/Materials | Core integrity fell below 50% 595 | -10/Materials | Discovered new exit (range 9) 632 | -10/Materials | Entered Mines 635 | -10/Mines | Received a Mining Laser from a helpful Derelict 648 | -10/Mines | Met a Derelict bent on vengeance 838 | -10/Mines | Found the Drone Emporium 853 | -10/Mines | Found Prototype Device 878 | -10/Mines | Core integrity fell below 20% 959 | -10/Mines | Learned 4 Materials zone layouts 1040 | -10/Mines | Discovered new exit (range 7) 1059 | -10/Mines | Learned Materials stockpile data 1072 | -10/Mines | Deemed a non-threat by the Exiles lab entrance 1073 | -10/Mines | Discovered new exit (range 5) 1077 | -10/Mines | Entered Exiles 1078 | -10/Exiles | Identified Sensor Drone Bay 1114 | -10/Exiles | Met 8R-AWN 1129 | -10/Exiles | Met EX-HEX 1172 | -10/Exiles | Met EX-DEC 1188 | -10/Exiles | Learned location of Zion (-6) 1283 | -10/Exiles | Met EX-BIN 1298 | -10/Exiles | Aligned with FarCom system 1299 | -10/Exiles | Given EX-Vault access code 1329 | -10/Exiles | Opened EX-Vault 1337 | -10/Exiles | Found Deploy-a-Sentry 1339 | -10/Exiles | Found Deploy-a-Sentry 1341 | -10/Exiles | Found Deploy-a-Sentry 1370 | -10/Exiles | Warned to stay clear of 0b10 Research branches 1451 | -10/Exiles | Discovered new exit (range 10) 1463 | -10/Exiles | Left Exiles lab with Deploy-a-Sentry 1463 | -10/Exiles | Entered Mines 1563 | -9/Mines | Destroyed self with EMP Blaster Last Messages --------------- 1234 which I did last time as a little joke and some thief managed to sneak in here and steal a few of HEX's prototypes. 01451_ EXIT=FOUND LOCATION=UNKNOWN GOAL=ESCAPE 01463_ Receiving FarCom transmissions... 01463_ G-34 Mercenary destroyed. 01465_ G-34 Mercenary misfires. 01467_ G-47 Trooper destroyed. 01473_ G-34 Mercenary destroyed. 01478_ Acquired 44 matter. 01479_ Acquired 17 matter. 01482_ Dropped Ion Engine. 01483_ Acquired Lgt. Nuclear Core. 01485_ Acquired Aluminum Leg. 01487_ Acquired 27 matter. 01490_ Acquired 10 matter. 01563_ C-30 ARC bursts open, deploying its payload. 01563_ S-10 Pest unfolds itself. 01563_ Wheel destroyed. Map ----- +----------------------------------------------------+ | ??????????????????????????????????? | | ??????????????????????????????????? | | ??????????????????????????????????? | | ??????????????????????????????????? | | ??????????????????????????????????? | | ??????????????????????????????????? | | ??????????????????????????????????? | | ??????????????????????????????????? | | ??????????????????????????????????? | | ??????????????????????????????????? | | ??????????????????????????????????? | | ??????????????????????????????????? | | ??????????????????????????????????? | | ??????????????????? ??????????????? | | ????????????????# s ????????????? | | ??????????????## s ?????????????? | | ???????????# ss??????????????? | | ??????????# #??????????????? | | ??????????# #??????????????? | | ??????????? #??????????????? | | ???????????# #??????????????? | | ???????????# #??????????????? | | ??###??????# ##?????????????? | | ?## ####### #?????????????? | | ?# ## #?????????????? | | ?# @ #?????????????? | | ?# #?????????????? | | ??# ########??????? | | ??## #??????? | | ???### #??????? | | ?????## ##### #??????? | | ?????## ##???# #??????? | | ????## ## ##????# *#??????? | | ????# ########????## ######## | | ????# ##??????????# ! # | | ????## ##?????????# % = # | | ?????## ##????????# * # | | ??????# #####????# # | | ??????# ##???# # | | ?????## ###?# """ """ # | | ?????# ### """ """ # | | ?????# ## """ """ # | | ?????# ## ## ## # | | ?????###?########## ############## | | ??????????????????####????????????? | | ??????????????????????????????????? | | | | | | | | | +----------------------------------------------------+ Best States ------------- Heat Dissipation 25 Energy Generation 14 Energy Capacity 250 Matter Stores 300 Matter Capacity 300 Sight Range 16 Terrain Scan Density 10 Evasion (%) 42 Targeting Accuracy 5 Item Schematics ----------------- None Robot Schematics ------------------ None Fabricated ------------ Nothing Alien Tech Used ----------------- None Achievements -------------- Just Shoot The Terminal Challenges ------------ None Game ------ Seed ReclamationBiomechanicalChip Manual? 0 Play Time 00:15:02 Cumulative 99.7 hours Start 2020.11.05 @ 23:31:19 End 2020.11.05 @ 23:45:50 Sessions 1 Manual Loads 0 Difficulty Rogue Special Mode Halloween2020/ForbiddenLore Game No. 110 Rogue 110 Adventurer 0 Explorer 0 Win Type - Total 1 Types 1/0/0/0/0/0/0/0/0 Lore% 57 Gallery% 63 Achievement% 49 Wizard Run 0 Options --------- ASCII 0 Keyboard 0 Movement Mouse Keybinds 0 Fullscreen 1 Font 24/Smallcaps Map View 76x50 Tactical HUD 1 Map Filters NONE Filters NONE Steam 1 RUN: 5e0f4d29-1bc5-4cc1-9754-7ff004f0b481